 Dungeon Crawl Stone Soup version 0.24.0-37-gcf1ca852f1 (webtiles) character file.

Game seed: 14877569371970894080, levelgen mode: deterministic

50 Descartes the Ducker (level 3, -4/17 HPs)
             Began as a Felid Monk on Nov 23, 2019.
             Killed from afar by an orc wizard (12 damage)
             ... with a puff of flame
             ... on level 3 of the Dungeon.
             The game lasted 00:04:46 (3063 turns).

Descartes the Ducker (Felid Monk)                   Turns: 3063, Time: 00:04:46

Health: -4/17      AC:  1    Str:  8    XL:     3   Next: 55%
Magic:  4/4        EV: 20    Int: 11    God:
Gold:   134        SH:  0    Dex: 18    Spells: 2/2 levels left
                                        Lives:  0   Deaths: 1

rFire    . . .     SeeInvis +     - Unarmed
rCold    . . .     Gourm    .   (shield unavailable)
rNeg     . . .     Faith    .   (armour unavailable)
rPois    .         Spirit   .   (helmet unavailable)
rElec    .         Reflect  .   (cloak unavailable)
rCorr    .         Harm     .   (gloves unavailable)
MR       .....                  (boots unavailable)
Stlth    +++.......             (no amulet)
HPRegen  0.05/turn              (no ring)
MPRegen  0.09/turn              (no ring)

@: quick
A: very small, no armour, no weapons or thrown items, stealth, claws 1, fangs 3,
see invisible, carnivore, speed 1, shaggy fur 1, slow metabolism 1, sharp paws
a: no special abilities


You were on level 3 of the Dungeon.
You were not hungry.

You visited 1 branch of the dungeon, and saw 3 of its levels.

You collected 134 gold pieces.

Inventory:

Missiles
 d - 33 stones
Jewellery
 l - an uncursed ring of stealth {unknown}
Scrolls
 b - a scroll of amnesia {unknown}
 e - 2 scrolls of immolation
 f - 2 scrolls of identify {unknown}
 g - a scroll of teleportation {unknown}
 h - a scroll of magic mapping {unknown}
 k - a scroll of fog {unknown}
 m - a scroll of remove curse {unknown}
Potions
 c - a potion of brilliance {unknown}
 i - a potion of cancellation {unknown}
 j - a potion of flight {unknown}
Comestibles
 a - 6 rations


   Skills:
 - Level 3.0 Fighting
 + Level 4.9 Dodging
 + Level 4.0 Stealth
 * Level 4.3 Unarmed Combat


You had 2 spell levels left.
You didn't know any spells.
Your spell library contained the following spells:

 Spells                   Type           Power        Failure   Level  Hunger
 Animate Skeleton         Necr           N/A          34%         1    ##.....
 Apportation              Tloc           #.....       34%         1    ##.....
 Confusing Touch          Hex            #.....       34%         1    ##.....
 Summon Small Mammal      Summ           #...         34%         1    ##.....


Dungeon Overview and Level Annotations

Branches:
Dungeon (3/15)

Altars:
Makhleb


Innate Abilities, Weirdness & Mutations

You cannot wear armour.
You are incapable of wielding weapons or throwing items.
Your paws allow you to move quietly. (Stealth)
You have sharp claws.
You have razor-sharp teeth.
You have supernaturally acute eyesight. (SInv)
You are carnivorous and can eat meat at any time.
You cover ground quickly.
You are covered in fur. (AC +1)
You have a slow metabolism.
Your sharp claws are effective at attacking unaware monsters.


Message History

The gnoll is severely wounded.
You scratch the gnoll.
The gnoll is severely wounded.
The orc hits you with a +0 short sword.
The gnoll hits you from afar with a +0 spear.
The gnoll hits you.
The orc wizard casts a spell.
The orc wizard flickers and vanishes for a moment.
You claw the gnoll!
You kill the gnoll!
Your Stealth skill increases to level 4!
The orc misses you. The gnoll barely misses you. The gnoll misses you.
You see here a gnoll corpse.
The orc barely misses you. The gnoll barely misses you.
The orc wizard hits you with a +0 dagger.
The orc wizard gestures at you while chanting.
The puff of flame hits you!
Ouch! That really hurt!
You die...

#.........########
####...........)†....
#............#.##....
#............#.##....
#............#.##....
#............#.##....
#.[....?.###.#.##....
#........###'#+##....
#...@....#...........
#........#...........
#...oog..#...........
#.....g..###'####....
#......†.# #>........
########## #.#####...
#.# ####
#######+########
#........)......


You could see an orc wizard (invisible), 2 gnolls and an orc.

Vanquished Creatures
  Robin (D:2)
  A gnoll (D:3)
  An ooze (D:2)
  A worm (D:2)
  3 dart slugs (D:2)
  A leopard gecko (D:1)
  2 orcs (D:3)
  7 bats
  11 goblins
  11 hobgoblins
  3 jackals (D:1)
  A quokka (D:2)
  A ball python (D:1)
  2 frilled lizards
  7 kobolds
  9 rats
62 creatures vanquished.

Notes
Turn   | Place    | Note
-------+----------+-------------------------------------------
     0 | D:1      | Descartes the Felid Monk began the quest for the Orb.
     0 | D:1      | Reached XP level 1. HP: 10/10 MP: 2/2
    83 | D:1      | Reached XP level 2. HP: 4/14 MP: 3/3
  1134 | D:2      | Reached XP level 3. HP: 15/17 MP: 4/4
  1218 | D:2      | Found a burning altar of Makhleb.
  1629 | D:2      | Noticed Robin
  2252 | D:2      | Reached XP level 4. HP: 21/21 MP: 5/5
  2475 | D:2      | Killed Robin
  3035 | D:3      | Slain by a gnoll
  3036 | D:3      | Reached XP level 3. HP: -2/17 MP: 4/4
  3063 | D:3      | Killed from afar by an orc wizard

Levels and vault maps discovered:
D:1:      wander_arrival_estate, layout_basic, minmay_rat_gold_closets
D:2:      layout_basic, nicolae_overflow_crystal_walls, uniq_robin
D:3:      layout_basic, uniq_jessica

Skill      XL: |  1  2  3 |
---------------+----------+-----
Stealth        | 3 4 |  4.0
Unarmed Combat | 4 |  4.3
Fighting       | |  3.0
Dodging        | |  4.9

Action                   |  1- 3 |  4- 6 || total
-------------------------+-------+-------++-------
Melee: Unarmed           |   132 |    35 ||   167
       Bite              |     8 |     7 ||    15
       Punch             |     1 |     2 ||     3
  Use: Scroll            |     1 |       ||     1
 Stab: Sleeping          |     9 |     2 ||    11
       Distracted        |     1 |       ||     1
  Eat: Chunk             |    10 |     1 ||    11
Armor: Skin              |     5 |     1 ||     6
Dodge: Dodged            |   102 |    38 ||   140
